Map: Jagannatha LE

Players

Zaechus - Winner!

  • Race: Protoss Protoss
  • League: Diamond
  • Spawn Location: 1:00

theRIZ

  • Race: Zerg Zerg
  • League: Master
  • Spawn Location: 7:00

VOD

Have the link to the VOD?

Description

Time

  • Played on: March 31, 2021, 9:33 p.m.
  • Length: 10:17
Show
View Real Time Build Order
Export as new Build Order

Zaechus Protoss - Winner!

Build Orders: 1 Gate Expand, Oracle Opening, Phoenix Opening, Chargelot Immortal, Mass Phoenix 

Get SALT Encoding   

  12  0:01  Probe  
  13  0:14  Probe  
  14  0:25  Pylon  
  14  0:26  Probe  
  15  0:43  Probe (Chrono Boost)  
  15  0:44  Gateway  
  15  0:48  Assimilator  
  16  0:55  Probe (Chrono Boost)  
  17  1:00  Probe (Chrono Boost)  
  18  1:10  Probe  
  19  1:29  Nexus  
  19  1:36  Probe  
  20  1:41  Cybernetics Core  
  20  1:50  Probe  
  20  1:51  Assimilator  
  21  2:02  Probe  
  21  2:04  Pylon  
  22  2:14  Probe  
  23  2:20  Adept (Chrono Boost)  
  23  2:25  Stargate  
  23  2:26  Probe  
  26  2:34  Adept, Warp Gate  
  26  2:41  Probe (Chrono Boost)  
  26  2:43  Probe (Chrono Boost)  
  30  2:51  Probe (Chrono Boost)  
  32  2:53  Probe (Chrono Boost)  
  32  2:56  Probe (Chrono Boost)  
  33  3:03  Probe  
  33  3:04  Adept  
  36  3:08  Probe  
  37  3:18  Phoenix  
  37  3:19  Probe  
  40  3:20  Probe  
  40  3:25  Pylon  
  41  3:31  Probe  
  42  3:34  Probe  
  42  3:35  Gateway  
  43  3:43  Probe, Oracle  
  43  3:46  Probe  
  49  3:55  Probe  
  49  3:59  Probe  
  49  4:00  Pylon  
  50  4:07  Probe, Stargate  
  51  4:11  Probe  
  51  4:14  Nexus  
  51  4:16  Pylon  
  52  4:22  Probe  
  52  4:23  Probe  
  54  4:28  Phoenix  
  56  4:32  Assimilator  
  56  4:34  Assimilator, Probe  
  56  4:35  Probe  
  58  4:44  Pylon  
  58  4:46  Probe  
  58  4:47  Probe  
  60  4:53  Adept  
  60  4:58  Shield Battery, Probe  
  60  4:59  Probe  
  64  5:03  Phoenix x2 (Chrono Boost)  
  68  5:12  Pylon  
  68  5:14  Pylon  
  68  5:17  Probe  
  68  5:19  Phoenix (Chrono Boost)  
  68  5:20  Probe  
  72  5:21  Pylon  
  72  5:22  Phoenix (Chrono Boost)  
  72  5:23  Shield Battery  
  72  5:27  Probe  
  75  5:32  Probe  
  75  5:33  Probe  
  77  5:39  Phoenix (Chrono Boost), Probe  
  77  5:40  Phoenix (Chrono Boost)  
  82  5:44  Probe  
  82  5:45  Probe  
  84  5:51  Probe  
  84  5:56  Probe  
  86  5:57  Probe  
  86  6:01  Robotics Facility  
  86  6:03  Probe, Robotics Facility  
  88  6:05  Forge  
  88  6:09  Probe, Twilight Council  
  88  6:10  Probe  
  90  6:15  Probe  
  91  6:21  Probe  
  91  6:22  Probe  
  93  6:28  Probe  
  88  6:34  Phoenix x2, Probe x2  
  88  6:40  Probe, Protoss Ground Weapons Level 1  
  88  6:45  Sentry  
  88  6:46  Probe  
  92  6:47  Probe  
  92  6:52  Probe, Pylon  
  94  6:56  Pylon x2  
  94  6:57  Pylon  
  94  6:58  Probe  
  94  6:59  Probe  
  94  7:00  Gateway  
  96  7:04  Gateway, Probe  
  96  7:06  Gateway  
  97  7:08  Sentry  
  97  7:09  Gateway  
  97  7:10  Zealot, Probe  
  97  7:11  Probe  
  97  7:13  Charge  
  103  7:16  Probe  
  103  7:21  Immortal (Chrono Boost)  
  103  7:22  Probe, Immortal (Chrono Boost)  
  113  7:30  Pylon  
  113  7:34  Pylon  
  113  7:35  Pylon  
  113  7:39  Zealot x2  
  117  7:47  Pylon  
  117  7:50  Photon Cannon, Warp Prism (Chrono Boost)  
  117  7:51  Immortal (Chrono Boost)  
  123  7:52  Shield Battery  
  123  7:54  Shield Battery  
  123  7:57  Photon Cannon  
  123  8:16  Immortal (Chrono Boost)  
  123  8:18  Zealot x6  
  139  8:20  Immortal (Chrono Boost)  
  139  8:22  Templar Archives  
  139  8:26  Pylon  
  143  8:41  Zealot x6  
  155  8:48  Immortal  
  155  8:52  Immortal  
  163  9:05  Zealot x3  
  163  9:06  Zealot x3  
  137  9:28  Immortal  
  137  9:29  Zealot x6  
  147  9:31  Immortal  
  144  9:58  Zealot  
  144  9:59  Zealot x5  
  156  10:13  Assimilator  
  164  10:15  Assimilator  
Show
View Real Time Build Order
Export as new Build Order

theRIZ Zerg 

Build Orders: Hatch First 

Get SALT Encoding   

  12  0:00  Drone  
  13  0:08  Drone  
  14  0:17  Overlord  
  14  0:35  Drone x2  
  16  0:56  Drone x2  
  18  0:59  Hatchery  
  17  1:04  Drone  
  17  1:09  Extractor  
  17  1:18  Spawning Pool  
  16  1:20  Drone  
  17  1:27  Drone  
  17  1:30  Drone  
  20  1:54  Spawning Pool  
  20  2:00  Drone x2  
  21  2:03  Hatchery  
  20  2:30  Overlord  
  20  2:31  Drone  
  20  2:32  Drone x2  
  23  2:40  Drone  
  23  2:42  Metabolic Boost  
  23  2:43  Queen  
  26  2:44  Zergling x4  
  26  2:50  Queen  
  30  3:08  Drone x2  
  31  3:17  Queen  
  33  3:21  Queen  
  33  3:23  Zergling x4  
  33  3:24  Overlord  
  37  3:28  Queen  
  37  3:30  Drone  
  40  3:37  Drone  
  40  3:39  Overlord  
  41  3:56  Queen  
  41  3:57  Overlord  
  43  4:09  Overlord x2  
  44  4:10  Drone x6  
  49  4:18  Evolution Chamber  
  49  4:21  Evolution Chamber  
  49  4:22  Spore Crawler  
  46  4:27  Spore Crawler  
  46  4:29  Drone  
  46  4:30  Drone x3  
  49  4:37  Overlord  
  49  4:38  Drone x2  
  51  4:48  Drone x6  
  57  4:53  Spore Crawler  
  56  5:17  Spore Crawler  
  56  5:19  Drone x7  
  56  5:20  Drone x5  
  67  5:24  Spore Crawler  
  67  5:27  Spore Crawler  
  65  5:29  Extractor  
  65  5:30  Zerg Melee Weapons Level 1  
  64  5:48  Zergling x10  
  64  5:49  Zergling x4  
  71  6:05  Zerg Ground Armor Level 1  
  71  6:07  Baneling Nest  
  70  6:20  Queen  
  70  6:41  Zergling x2  
  70  6:42  Zergling x4  
  70  6:43  Overlord x4  
  73  6:48  Lair  
  73  6:52  Extractor  
  72  6:59  Extractor  
  72  7:00  Overlord  
  72  7:01  Overlord  
  71  7:02  Drone x6  
  71  7:03  Drone, Baneling  
  71  7:04  Baneling x5  
  78  7:20  Overlord x2  
  78  7:22  Drone x2  
  80  7:23  Drone x8  
  80  7:25  Hatchery  
  80  7:26  Zergling x2  
  88  7:30  Hatchery  
  87  7:39  Extractor  
  86  7:50  Drone x4  
  86  7:51  Drone, Hydralisk Den  
  90  8:16  Spore Crawler, Infestation Pit  
  88  8:22  Centrifical Hooks  
  88  8:23  Zergling x2  
  88  8:24  Zergling x24  
  101  8:28  Queen x3  
  107  8:40  Zergling x8  
  107  8:41  Zergling x14  
  118  8:54  Drone x6  
  124  9:02  Spore Crawler  
  123  9:06  Baneling x6  
  98  9:28  Zergling x2  
  98  9:29  Hydralisk, Zergling x30  
  98  9:30  Hydralisk x3  
  105  9:40  Zergling x14  
  108  9:50  Hydralisk, Baneling x4  
  108  9:51  Hydralisk x4  
Tags
 
Add a new tag
Caveats
  • Supply blocks, unpowered buildings, or Contaminate may cause inaccurate times.
  • Supply counts are checked every 10 seconds.